 Dungeon Crawl Stone Soup version 0.31-a0-986-g5e6e4ef867 (webtiles) character file.

Game seed: 15285185791042514636

6463 wildpjah the Shield-Bearer (level 11, -1/56 HPs)
             Began as a Vine Stalker Fighter on Nov 25, 2023.
             Was an Initiate of Gozag.
             Slain by a vault guard
             ... wielding a +0 broad axe
              (15 damage)
             ... in a bailey.
             The game lasted 00:20:15 (6122 turns).

wildpjah the Shield-Bearer (Vine Stalker Fighter)   Turns: 6122, Time: 00:20:17

Health: -1/56      AC:  9    Str: 26 (27) XL:     11   Next: 0%
Magic:  0/19       EV: 10    Int:  7 (10) God:    Gozag
Gold:   625        SH: 10    Dex: 11 (14) Spells: 19/19 levels left

rFire   . . .        y - +2 whip (venom)
rCold   + . .        c - +0 buckler
rNeg    . . .        b - +0 scale mail
rPois   .            (no helmet)
rElec   .            (no cloak)
rCorr   .            F - +1 pair of gloves
SInv    .            (no boots)
Will    +....        p - amulet of reflection
Stlth   +            g - +6 ring of strength
HPRegen 1.09/turn    z - ring of protection from cold
MPRegen 0.16/turn

%: reflection, guardian spirit
@: studying 2 skills
A: fangs 3, regeneration 1, magic shield, antimagic bite, no potion heal 2
a: Renounce Religion, Potion Petition, Call Merchant, Bribe Branch


You were in a bailey.
You worshipped Gozag.
Gozag was pleased with you.
You visited 2 branches of the dungeon, and saw 9 of its levels.
You also visited: Ossuary and Bailey.

You collected 885 gold pieces.
You spent 170 gold pieces at shops.
You paid 90 gold pieces to Gozag.

Inventory:

Hand Weapons
 a - a +0 war axe
 y - a +2 whip of venom (weapon)
 J - a +1 flail of protection
 K - a +0 whip of flaming
Missiles
 r - a throwing net (quivered)
Armour
 b - a +0 scale mail (worn)
 c - a +0 buckler (worn)
 F - a +1 pair of gloves (worn)
Jewellery
 g - a +6 ring of strength (left hand)
 p - an amulet of reflection (around neck)
 z - a ring of protection from cold (right hand)
 E - a ring of wizardry
 I - a ring of resist corrosion
Wands
 f - a wand of mindburst (9)
 x - a wand of charming (5)
 G - a wand of flame (24)
Scrolls
 h - a scroll of poison
 i - 5 scrolls of identify
 m - 2 scrolls of amnesia
 q - 3 scrolls of teleportation
 u - a scroll of summoning
 v - 4 scrolls of fog
 w - a scroll of vulnerability
 C - a scroll of immolation {unknown}
 D - a scroll of silence {unknown}
Potions
 d - a potion of might
 e - a potion of enlightenment {unknown}
 k - a potion of berserk rage {unknown}
 l - 3 potions of lignification {unknown}
 n - 3 potions of brilliance {unknown}
 o - 3 potions of curing
 s - 2 potions of magic {unknown}
 t - 2 potions of mutation {unknown}
 A - 4 potions of degeneration
 B - a potion of heal wounds {unknown}
 H - a potion of attraction {unknown}


   Skills:
 + Level 5.5 Fighting
 + Level 6.9(7.7) Axes
 + Level 5.1(6.8) Maces & Flails
 + Level 0.1 Throwing
 + Level 5.4 Armour
 + Level 2.8 Dodging
 + Level 2.8 Stealth
 + Level 7.3 Shields
 * Level 4.8 Spellcasting
 * Level 4.0 Hexes


You had 19 spell levels left.
You didn't know any spells.
Your spell library contained the following spells:

 Spells                   Type           Power      Damage    Failure   Level
 Jinxbite                 Hex            14%        N/A       22%         2
 Ensorcelled Hibernation  Hex/Ice        8%         N/A       43%         2
 Blink                    Tloc           2%         N/A       73%         2
 Lesser Beckoning         Tloc           2%         N/A       73%         2
 Momentum Strike          Conj/Tloc      2%         3d8       73%         2
 Static Discharge         Conj/Air       2%         3-4/arc   73%         2
 Gell's Gravitas          Tloc           1%         N/A       91%         3
 Teleport Other           Tloc           1%         N/A       91%         3
 Anguish                  Hex/Necr       2%         N/A       97%         4
 Airstrike                Air            0%         2d(1-17)  100%        4
 Summon Lightning Spire   Summ/Air       1%         N/A       100%        4


Dungeon Overview and Level Annotations

Branches:
Dungeon (8/15)             Temple (1/1) D:6         Ossuary (visited)
 Bailey (1/1)
   Lair: D:8-11

Altars:
Ashenzari
Cheibriados
Dithmenos
Elyvilon
Fedhas
Gozag
Hepliaklqana
Kikubaaqudgha
Nemelex Xobeh
Okawaru
Qazlal
Ru
Sif Muna
Trog
Uskayaw
Vehumet
The Shining One

Shops:
D:4 (   D:5 :   D:6 *   D:8 :

Annotations:
D:4 2 transporters, Jeffwins's ghost, amateur DrSh
D:8 3 runed translucent doors, Jeffwins's ghost, novice DrSh Bailey Prince Ribbit


Innate Abilities, Weirdness & Mutations

You have razor-sharp teeth.
Your natural rate of healing is unusually fast.
When hurt, damage is shared between your health and your magic reserves.
Your bite disrupts and absorbs the magic of your enemies.
Potions cannot restore your health.


Message History

The vault guard is severely wounded.
The vault guard hits you with a +0 broad axe.
You closely miss the vault guard.
The vault guard is severely wounded.
Unknown command.
You hit the vault guard but do no damage.
The vault guard looks as sick as possible!
Your bite misses the vault guard.
The vault guard is severely wounded.
The vault guard closely misses you.
You hit Prince Ribbit.
Prince Ribbit is poisoned.
Prince Ribbit is no longer distracted by gold.
You bite Prince Ribbit.
Prince Ribbit's magic leaks into the air.
You drain his magic.
You feel invigorated.
Prince Ribbit is lightly wounded.
Prince Ribbit barely misses you. You block the vault guard's attack.
You block the orc warrior's attack.
You whack Prince Ribbit!
Prince Ribbit looks as sick as possible!
Prince Ribbit is heavily wounded.
You block Prince Ribbit's attack.
The vault guard hits you with a +0 broad axe!
* * * LOW HITPOINT WARNING * * *
The orc warrior misses you.
You hit the vault guard but do no damage.
The vault guard looks as sick as possible!
The vault guard is severely wounded.
Prince Ribbit's magic is no longer disrupted.
Prince Ribbit hits you.
* * * LOW HITPOINT WARNING * * *
Prince Ribbit hits you.
* * * LOW HITPOINT WARNING * * *
You hit the vault guard but do no damage.
The vault guard looks as sick as possible!
You bite the vault guard, but do no damage.
The vault guard is severely wounded.
The vault guard hits you with a +0 broad axe!!
You die...
Your body crumbles into a pile of gold.

~.~≈ #....## ~.≈#
##.....#
..≈####......#
..≈#..'......#
###$###..####'###
#.$$..#...##~~~##
#.g$..#...#~~~~~#
#.p####...#)~~~~#
#gF@.#..))#))~~~#
##o....)#)#'#~~##
##....##.).####
######.....#
#.∩.∩.# #.....#
##...## #####


You could see a vault guard (extremely poisoned), Prince Ribbit (extremely
poisoned), an orc warrior, a gnoll and a goblin.

Vanquished Creatures
  Pikel (D:7)
  12 humans
  A wyvern (D:8)
  A steam dragon (D:7)
  Menkaure (D:4)
  A water moccasin (D:5)
  An ice beast (D:6)
  2 orc warriors
  2 sky beasts (D:7)
  2 black bears
  An ogre (D:6)
  A centaur (D:7)
  A phantom (D:6)
  11 bullfrogs
  13 scorpions
  3 howler monkeys (D:8)
  4 centaur zombies (Ossuary)
  2 jellies
  9 orc priests
  A gnoll bouda (D:7)
  A hound (D:7)
  8 iguanas
  4 scorpion zombies (Ossuary)
  3 sleepcaps
  5 orc wizards
  3 mummies (Ossuary)
  14 adders
  8 gnolls
  A shadow imp (D:6)
  2 white imps
  3 worms
  2 dart slugs
  24 orcs
  6 ball pythons
  6 endoplasms
  5 giant cockroaches
  2 gnoll zombies (Ossuary)
  9 goblins
  11 hobgoblins
  4 quokkas
  7 bats
  2 frilled lizards
  4 goblin zombies (Ossuary)
  A hobgoblin zombie (Ossuary)
  5 kobolds
  3 kobold zombies (Ossuary)
  An orc zombie (Ossuary)
  2 rats (D:2)
  A rat zombie (D:5)
217 creatures vanquished.

Notes
Turn   | Place    | Note
-------+----------+-------------------------------------------
     0 | D:1      | wildpjah the Vine Stalker Fighter began the quest for the
                  | Orb.
     0 | D:1      | Reached XP level 1. HP: 11/11 MP: 2/2
   110 | D:1      | Reached XP level 2. HP: 15/16 MP: 3/3
   538 | D:2      | Reached XP level 3. HP: 20/20 MP: 2/4
   599 | D:2      | Reached skill level 3 in Shields
   964 | D:2      | Reached XP level 4. HP: 24/24 MP: 5/5
  1594 | D:3      | Reached XP level 5. HP: 28/28 MP: 6/6
  1863 | D:3      | Found a faded altar of an unknown god.
  2258 | D:4      | Noticed Menkaure
  2288 | D:4      | Killed Menkaure
  2289 | D:4      | Reached XP level 6. HP: 32/32 MP: 7/7
  2401 | D:4      | Found Cic Jevyed's Antique Weapon Emporium.
  2587 | D:4      | Found a transporter.
  2590 | D:4      | Noticed Jeffwins's ghost (amateur DrSh)
  2591 | D:4      | Found a transporter.
  2629 | D:4      | Noticed a black bear
  2636 | D:4      | Killed a black bear
  2637 | D:4      | Reached skill level 1 in Dodging
  2637 | D:4      | Reached skill level 4 in Shields
  2637 | D:4      | Reached XP level 7. HP: 37/37 MP: 6/8
  2969 | D:4      | Bought a glowing whip for 170 gold pieces
  2997 | D:5      | Entered Level 5 of the Dungeon
  3008 | D:5      | Found a sand-covered staircase.
  3039 | Ossuary  | Entered an ossuary
  3115 | Ossuary  | Reached skill level 5 in Axes
  3181 | Ossuary  | Gained mutation: You have razor-sharp teeth. [Vine Stalker
                  | growth]
  3181 | Ossuary  | Reached XP level 8. HP: 20/42 MP: 6/9
  3289 | Ossuary  | Reached skill level 5 in Shields
  3388 | Ossuary  | Identified a scroll of acquirement
  3391 | Ossuary  | Acquired a manual of Evocations
  3632 | D:5      | Found Vicen's Book Boutique.
  4418 | D:6      | Reached XP level 9. HP: 25/46 MP: 4/10
  4432 | D:6      | Reached skill level 1 in Maces & Flails
  4446 | D:6      | Reached skill level 1 in Spellcasting
  4446 | D:6      | Reached skill level 1 in Hexes
  4455 | D:6      | Reached skill level 6 in Shields
  4642 | D:6      | Found a staircase to the Ecumenical Temple.
  4651 | Temple   | Entered the Ecumenical Temple
  4679 | Temple   | Became a worshipper of Gozag Ym Sagoz the Greedy
  4755 | D:6      | Reached skill level 1 in Stealth
  4857 | D:6      | Found Gyijiall's General Store.
  5078 | D:7      | Noticed Pikel
  5092 | D:7      | Killed Pikel
  5093 | D:7      | Reached skill level 7 in Shields
  5093 | D:7      | Reached XP level 10. HP: 51/51 MP: 13/15
  5283 | D:7      | Reached skill level 5 in Fighting
  5382 | D:7      | Found a hide-covered altar of Uskayaw.
  5425 | D:8      | Noticed Jeffwins's ghost (novice DrSh)
  5426 | D:8      | Noticed a centaur warrior
  5433 | D:8      | Noticed a cyclops
  5918 | D:8      | Found a runed translucent gate.
  5918 | D:8      | Found a runed translucent gate.
  5918 | D:8      | Found a runed translucent gate.
  5920 | D:8      | Found a flagged portal.
  5939 | D:8      | Found Hasmisan's Book Emporium.
  5946 | Bailey   | Entered a bailey
  5962 | Bailey   | Reached skill level 5 in Armour
  6060 | Bailey   | Reached skill level 5 in Maces & Flails
  6089 | Bailey   | Noticed a vault guard
  6091 | Bailey   | Noticed Prince Ribbit
  6110 | Bailey   | Reached XP level 11. HP: 39/56 MP: 14/19
  6122 | Bailey   | Slain by a vault guard

Illustrated notes

Levels and vault maps discovered:
D:1:      minmay_arrival_glassed_features, layout_rooms
D:2:      layout_basic
D:3:      layout_rooms, hellmonk_ecumenical_altar_crossroads, serial_forest,
          infiniplex_forest_end_1, infiniplex_forest_lined_4_way,
          infiniplex_forest_join, infiniplex_forest_end_1,
          infiniplex_forest_end_3, infiniplex_forest_lined_corner,
          kennysheep_crisscross
D:4:      layout_rooms, gammafunk_ghost_mausoleum, serial_shops,
          kennysheep_little_box, kennysheep_opposing_triangles, uniq_menkaure
D:5:      layout_loops_ring, enter_ossuary_4, serial_shops,
          nicolae_shop_window_shopping, nicolae_twisty_statue_hallways
D:6:      layout_rooms, temple_fountains, serial_shops, nicolae_shop_trees,
          minmay_ruffians
D:7:      layout_basic, mainiacjoe_overflow_catwalk, uniq_pikel
D:8:      layout_cave_pools, grunt_temple_overflow_order_and_chaos_2,
          gammafunk_ghost_split, serial_gnoll_camp, gnoll_camp_mini_hut,
          gnoll_camp_mini_sergeant, gnoll_camp_mini_shop, gnoll_camp_mini_house,
          enter_bailey_2, st_stairs_3
Temple:   nicolae_temple_x_marks_the_god
Bailey:   bailey_axe_froggy_fort_hellmonk, bailey

Skill      XL: |  1  2  3  4  5  6  7  8  9 10 |
---------------+-------------------------------+-----
Fighting       | 3 4 5 |  5.5
Axes           | 2 3 4 5 6 |  6.9
Shields        | 3 4 5 7 |  7.3
Armour         | 3 4 5 |  5.4
Dodging        | 1 2 |  2.8
Maces & Flails | 3 5 |  5.1
Spellcasting   | 3 4 |  4.8
Hexes          | 3 4 |  4.0
Stealth        | 2 |  2.8
Throwing       | |  0.1

Action                     |  1- 3 |  4- 6 |  7- 9 | 10-12 || total
---------------------------+-------+-------+-------+-------++-------
  Melee: War axe           |    58 |   134 |   102 |       ||   294
         Bite              |    13 |    37 |   107 |    97 ||   254
         Whip              |       |       |   196 |   255 ||   451
  Throw: Throwing net      |       |       |     1 |       ||     1
    Use: Scroll            |       |       |    13 |     1 ||    14
         Potion            |       |       |       |     2 ||     2
   Stab: Held in net/web   |       |       |     1 |       ||     1
         Distracted        |       |       |       |     2 ||     2
 Armour: Scale mail        |    34 |   104 |   189 |   116 ||   443
  Dodge: Dodged            |    25 |    54 |   139 |    61 ||   279
  Block: Buckler           |    16 |    58 |   173 |    91 ||   338
         Reflection        |       |     1 |     4 |     1 ||     6

Table legend: (Time is in decaauts)
 A = Elapsed time spent in this place.
 B = Non-inter-level travel time spent in this place.
 C = Inter-level travel time spent in this place.
 D = Time resting spent in this place.
 E = Time spent auto-exploring this place.
 F = Levels seen in this place.
 G = Mean time per level.
                   A        B        C        D        E       F      G
               +--------+--------+--------+--------+--------+-----+--------+
         Total |   6155 |   5700 |    455 |      5 |   4218 |  11 |  559.5 |
       Dungeon |   5578 |   5159 |    419 |      5 |   4011 |   8 |  697.2 |
        Temple |     38 |      2 |     36 |      0 |      0 |   1 |   38.0 |
       Ossuary |    381 |    381 |      0 |      0 |    166 |   1 |  381.0 |
        Bailey |    157 |    157 |      0 |      0 |     40 |   1 |  157.0 |
               +--------+--------+--------+--------+--------+-----+--------+

Top non-repeatable levels by time:
     D:2: 1110 daAuts
     D:5: 882 daAuts
     D:3: 865 daAuts
     D:4: 780 daAuts
     D:7: 723 daAuts
     D:6: 590 daAuts
 Ossuary: 381 daAuts
     D:1: 316 daAuts
     D:8: 310 daAuts
  Bailey: 157 daAuts
  Temple: 38 daAuts
